 Dungeon Crawl Stone Soup version 0.18.1-48-g4cf74bf (webtiles) character file.

32 boogeech the Vexing (level 3, -2/24 HPs)
             Began as a Demonspawn Enchanter on June 28, 2016.
             Slain by Natasha (9 damage)
             ... on level 2 of the Dungeon.
             The game lasted 00:02:48 (1304 turns).

boogeech the Vexing (Demonspawn Enchanter)          Turns: 1304, Time: 00:02:48

Health: -2/24      AC:  3    Str:  8    XL:     3   Next: 10%
Magic:  5/6        EV: 12    Int: 16    God:
Gold:   56         SH:  0    Dex: 14    Spells: 1 memorised, 5 levels left

rFire  + . .     SeeInvis .     a - +1 dagger
rCold  . . .     Gourm    .     b - +1 robe
rNeg   . . .     Faith    .     (no shield)
rPois  .         Spirit   .     (no helmet)
rElec  .         Dismiss  .     (no cloak)
rCorr  .         Reflect  .     (no gloves)
SustAt .         Harm     .     (no boots)
MR     .....                    (no amulet)
Stlth  ++........               (no ring)
                                (no ring)

@: hasted and slowed, not resistant to hostile enchantments, unstealthy
A: hooves 1, fire resistance 1
a: no special abilities


You were on level 2 of the Dungeon.
You were not hungry.

You visited 1 branch of the dungeon, and saw 2 of its levels.

You collected 56 gold pieces.

Inventory:

Hand Weapons
 a - a +1 dagger (weapon)
 n - a +0 hunting sling
Missiles
 e - 54 stones (quivered)
 r - 49 sling bullets
Armour
 b - a +1 robe (worn)
 i - a +0 buckler
 q - a +0 leather armour
Jewellery
 p - an uncursed ring of wizardry {unknown}
Scrolls
 f - a scroll of recharging {unknown}
 g - a scroll of blinking {unknown}
 h - 2 scrolls of amnesia {unknown}
 k - 2 scrolls of identify {unknown}
 m - a scroll of teleportation {unknown}
 o - a scroll of random uselessness {unknown}
Potions
 l - a potion of berserk rage {unknown}
 u - a potion of brilliance {unknown}
 v - a potion of flight {unknown}
Books
 c - a book of Maledictions

   Spells                             Type                      Level
   a - Corona                         Hexes                        1
   b - Ensorcelled Hibernation        Hexes/Ice                    2
   c - Confuse                        Hexes                        3
   d - Tukima's Dance                 Hexes                        3
   e - Dazzling Spray                 Conjuration/Hexes            3
Comestibles
 d - 2 bread rations
 s - 2 chunks of flesh
 t - a beef jerky


   Skills:
 + Level 0.2 Fighting
 * Level 1.4 Short Blades
 + Level 0.3 Armour
 * Level 2.1 Dodging
 * Level 3.1 Stealth
 * Level 2.1 Spellcasting
 * Level 3.1 Hexes


You had 5 spell levels left.
You knew the following spells:

 Your Spells              Type           Power        Failure   Level  Hunger
a - Corona                Hex            ##.....      8%          1    #......


Dungeon Overview and Level Annotations

Branches:
Dungeon (2/15)

Altars:

Annotations:
D:2 Natasha


Innate Abilities, Weirdness & Mutations

You have large cloven feet.
Your flesh is heat resistant.


Message History

Natasha claws you.
The crimson imp blinks!
Natasha barely misses you.
You closely miss Natasha. Natasha claws you.
You hit Natasha.
Natasha is lightly wounded.
Natasha stops glowing.
Natasha mewls in sadness.
Natasha claws you! Natasha barely misses you.
You hit Natasha. Your kick misses Natasha.
Natasha is moderately wounded.
Natasha closely misses you.
Casting: Corona
Confirm with . or Enter, or press ? or * to list all spells.
Aiming: Corona
Press: ? - help, Shift-Dir - straight line, f/p - Natasha
Aim: Natasha (moderately wounded, chance to defeat MR: 47%) Natasha is outlined in light.
Natasha claws you!
* * * LOW HITPOINT WARNING * * *
Drink which item? (? for menu, Esc to quit)
It was a potion of haste.
You feel yourself speed up. Natasha claws you!
You die...

......###.# #..........#
......#...#######..........##
##.####........#####.#......##
#.###..######.# ##.........##
##.#....# ##.####...........#
#....##.#####.................#
#..###........#..###..........#
....<....#######.# #..........#
.......### #@# #..........#
##...### #h# ##........##
##...# #g###..........# #.#.##
#5.##.....†....# #.#..#
##.............# #.##.#
#..#..........# #.##...
##..#..........# .. #....#
#..###........## .# ##...#
#..####......##


You could see Natasha, a crimson imp and a goblin.

Vanquished Creatures
  An adder (D:2)
  A worm (D:2)
  2 bats
  3 giant cockroaches
  5 goblins (D:1)
  2 hobgoblins (D:1)
  A kobold (D:1)
  3 rats (D:1)
18 creatures vanquished.

Notes
Turn   | Place    | Note
--------------------------------------------------------------
     0 | D:1      | boogeech the Demonspawn Enchanter began the quest for the Orb.
     0 | D:1      | Reached XP level 1. HP: 13/13 MP: 3/3
    38 | D:1      | Reached skill level 1 in Short Blades
   234 | D:1      | Gained mutation: You have large cloven feet. [demonic ancestry]
   234 | D:1      | Reached XP level 2. HP: 19/19 MP: 5/5
  1147 | D:2      | Gained mutation: Your flesh is heat resistant. [demonic ancestry]
  1147 | D:2      | Reached XP level 3. HP: 24/24 MP: 6/6
  1283 | D:2      | Noticed Natasha
  1304 | D:2      | Slain by Natasha

Skill      XL: |  1  2 |
---------------+-------+-----
Short Blades   | 1 |  1.4
Dodging        | 2 |  2.1
Stealth        | 3 |  3.1
Fighting       | |  0.2
Armour         | |  0.3
Spellcasting   | |  2.1
Hexes          | |  3.1

Action                   || total
-------------------------++-------
Melee: Dagger            ||    91
       Kick              ||    10
 Cast: Corona            ||     2
  Use: Potion            ||     1
 Stab: Sleeping          ||     5
  Eat: Pizza             ||     1
Armor: Robe              ||    16
Dodge: Dodged            ||    65
